 Dungeon Crawl Stone Soup version 0.31-a0-167-g1c394c0614 (webtiles) character file.

Game seed: 17725454848806188592

21 qw the Shield-Bearer (level 2, -2/19 HPs)
             Began as a Gargoyle Fighter on June 14, 2023.
             Slain by an orc wizard
             ... wielding a +0 dagger
              (3 damage)
             ... on level 3 of the Dungeon.
             The game lasted 00:00:22 (1044 turns).

qw the Shield-Bearer (Gargoyle Fighter)             Turns: 1044, Time: 00:00:22

Health: -2/19      AC:  9    Str: 17 (19) XL:     2   Next: 87%
Magic:  2/2        EV:  9    Int:  6 (8)  God:
Gold:   19         SH:  4    Dex:  6 (9)  Spells: 1/1 levels left

rFire   . . .        Y - +0 war axe
rCold   . . .        c - +0 buckler
rNeg    + . .        b - +0 scale mail
rPois   inf          (no helmet)
rElec   +            (no cloak)
rCorr   .            (no gloves)
SInv    .            (no boots)
Will    .....        (no amulet) Stlth
                     (no ring)
HPRegen 0.23/turn    (no ring)
MPRegen 0.08/turn

%: no passive effects
@: no status effects
A: sickness immunity, AC +2, negative energy resistance 1, electricity
resistance, torment resistance 1, petrification resistance
a: no special abilities


You were on level 3 of the Dungeon.
You visited 1 branch of the dungeon, and saw 3 of its levels.

You collected 19 gold pieces.


Innate Abilities, Weirdness & Mutations

You are immune to sickness and miasma.
Your stone body is resilient. (AC +2)
You are immune to poison.
You resist negative energy. (rN+)
You are resistant to electric shocks. (rElec)
You are resistant to unholy torment.
You are immune to petrification.


   Skills:
 - Level 3.2 Fighting
 + Level 3.0 Axes
 - Level 3.2 Armour
 - Level 3.2 Shields


You had one spell level left.
You didn't know any spells.
Your spell library was empty.

Inventory:

Hand Weapons
 h - a +0 mace
 Y - a +0 war axe (weapon)
Armour
 b - a +0 scale mail (worn)
 c - a +0 buckler (worn)
Scrolls
 a - a scroll of identify
Potions
 d - 2 potions of might
 e - a potion of enlightenment {unknown}
 g - 2 potions of heal wounds {unknown}

Dungeon Overview and Level Annotations

Branches:
Dungeon (2/15)

Altars:


Message History

The orc hits you but does no damage. Something hits you but does no damage.
The orc wizard hits you but does no damage.
The orc hits you but does no damage. Something hits you but does no damage.
The orc wizard closely misses you. The orc hits you but does no damage.
Something hits you.
The orc wizard casts a spell.
The orc wizard flickers and vanishes!
The orc hits you but does no damage. Something hits you but does no damage.
Something hits you but does no damage. The orc barely misses you.
Something hits you but does no damage.
You hear some strange, mumbled words.
Something tries to affect you, but you resist.
The orc completely misses you. Something hits you but does no damage.
Something hits you but does no damage. The orc hits you with a +0 club.
Something hits you but does no damage. Something hits you but does no damage.
The orc hits you but does no damage. Something hits you but does no damage.
You feel less confused. You block something's attack.
You block the orc's attack. Something hits you but does no damage.
You slash the orc!
You kill the orc!
You closely miss something. You hit something but do no damage.
You hear some strange, mumbled words.
A magic dart appears from out of thin air!
The magic dart hits you.
You hear some strange, mumbled words.
You are confused.
Your Axes skill increases to level 3!
The hobgoblin hits you.
Something hits you but does no damage. x2
The hobgoblin hits you but does no damage.
Something hits you but does no damage. x2
The hobgoblin hits you but does no damage.
Something completely misses you. Something hits you but does no damage.
The hobgoblin hits you but does no damage.
Something hits you but does no damage. x2
You feel less confused. The hobgoblin hits you.
Something hits you but does no damage. Something hits you.
You die...

# #.##........... .. #.#
#.##...#.##....
..####...#....#.#.####..
...........#......######
....... .##.##..#.#.....
....... #.8.##.#.#.##..
.......####.####....##..
......{#.#.#.#.#..###...
#@{.###.}.#.# #...
#...Jg#.#.#.#.#..###...
#...#.##.#.#.#.......##
#.. .. ##.}.###..(.....
## #.. ##.#.#.........
#.. #.###.#........ #.#
7.# #.}.#.....## #. .#
#.#.#..#.#### ##
#.####..#.....


You could see an endoplasm and a hobgoblin.

Vanquished Creatures
  2 dart slugs (D:1)
  2 orcs (D:3)
  2 jackals (D:1)
  4 ball pythons
  2 bats
  A frilled lizard (D:1)
  3 kobolds (D:1)
  2 rats
18 creatures vanquished.

Notes
Turn   | Place    | Note
-------+----------+-------------------------------------------
     0 | D:1      | qw the Gargoyle Fighter began the quest for the Orb.
     0 | D:1      | Reached XP level 1. HP: 14/14 MP: 1/1
     0 | D:1      | 0 ||| qw: Version: 0.2-a-29-g1fa15c8
     0 | D:1      | 0 ||| qw: Game counter: 5098
     0 | D:1      | 0 ||| qw: Always use a shield: true
     0 | D:1      | 0 ||| qw: God list: Okawaru
     0 | D:1      | 0 ||| qw: Allow faded altars: false
     0 | D:1      | 0 ||| qw: Do Orc after D:15 true
     0 | D:1      | 0 ||| qw: Do second Lair branch before Depths: true
     0 | D:1      | 0 ||| qw: Lair rune preference: random
     0 | D:1      | 0 ||| qw: Plans: Normal, Zot:1-4, Slime:5, God:TSO, Crypt,
                  | Tomb, Abyss, Pan, Hells, Win
     0 | D:1      | 0 ||| PLANNING D:1-11
   359 | D:1      | 359 ||| DROPPING +0 whip.
   452 | D:1      | Reached XP level 2. HP: 19/19 MP: 2/2
   554 | D:1      | 554 ||| Stepping ~*~*~tactically~*~*~ (hiding).
   555 | D:1      | 555 ||| Stepping ~*~*~tactically~*~*~ (hiding).
   556 | D:1      | 556 ||| Stepping ~*~*~tactically~*~*~ (hiding).
   869 | D:1      | 869 ||| READING scroll labelled WITHUA GEULAN.
   870 | D:1      | 870 ||| READING scroll labelled KIXEIBE GUDDI.
   873 | D:1      | 873 ||| DRINKING 2 cyan potions.
   874 | D:1      | 874 ||| DROPPING potion of degeneration.
   912 | D:2      | You fall into a shaft and drop 1 floor!
   943 | D:3      | 943 ||| Stepping ~*~*~tactically~*~*~ (stealth).
  1019 | D:3      | 1019 ||| Stepping ~*~*~tactically~*~*~ (hiding).
  1039 | D:3      | HP: 4/19 [something/magic dart (4)]
  1040 | D:3      | Reached skill level 3 in Axes
  1044 | D:3      | HP: 1/19 [hobgoblin (3)]
  1044 | D:3      | Slain by an orc wizard

Levels and vault maps discovered:
D:1:      minmay_arrival_statue_studded, layout_basic
D:2:      layout_loops_cross, minmay_pentomino_z2, uniq_jessica
D:3:      layout_basic, grunt_temple_overflow_bloody_war,
          general_overflow_altar, ebering_ecumenical_altar_mist, serial_shops,
          shop, grunt_decor_mini_mirrors

Skill      XL: |  1  2 |
---------------+-------+-----
Axes           | 2 3 |  3.0
Fighting       | |  3.2
Armour         | |  3.2
Shields        | |  3.2

Action                     || total
---------------------------++-------
  Melee: War axe           ||    45
    Use: Scroll            ||     2
         Potion            ||     1
 Armour: Scale mail        ||    60
  Dodge: Dodged            ||    26
  Block: Buckler           ||    11

Table legend:
 A = Non-vault XP
 B = Vault XP
 C = Vault XP percentage of total XP
 D = Non-vault monster count
 E = Vault monster count
 F = Vault count percentage of total count
                 A         B        C        D         E       F
            +---------+---------+-------+---------+---------+-------
      Total |      31 |       0 |   0.0 |      18 |       0 |   0.0
            +---------+---------+-------+---------+---------+-------
        D:1 |      22 |       0 |   0.0 |      13 |       0 |   0.0
        D:3 |       9 |       0 |   0.0 |       5 |       0 |   0.0
            +---------+---------+-------+---------+---------+-------
